 Dungeon Crawl Stone Soup version 0.19.5 (webtiles) character file.

65 Just00me the Grave Robber (level 3, -2/24 HPs)
             Began as a Mummy Necromancer on Mar 21, 2017.
             Killed from afar by an orc wizard (12 damage)
             ... with a puff of flame
             ... on level 3 of the Dungeon.
             The game lasted 00:16:05 (1560 turns).

Just00me the Grave Robber (Mummy Necromancer)       Turns: 1560, Time: 00:16:06

Health: -2/24      AC:  2    Str: 11    XL:     3   Next: 92%
Magic:  3/7        EV: 12    Int: 15    God:
Gold:   81         SH:  0    Dex: 12    Spells: 2 memorised, 5 levels left

rFire  x . .     SeeInvis .     (no weapon)
rCold  + . .     Gourm    .     a - +0 robe
rNeg   + + +     Faith    .     (no shield)
rPois  ∞         Spirit   .     (no helmet)
rElec  .         Reflect  .     (no cloak)
rCorr  .         Harm     .     (no gloves)
MR     .....                    (no boots)
Stlth  ++........               (no amulet)
                                (no ring)
                                (no ring)

@: no status effects
A: no food or potions, fire vulnerability, cold resistance 1, negative energy
resistance 3, torment resistance, unbreathing
a: no special abilities


You were on level 3 of the Dungeon.
You were not hungry.

You visited 1 branch of the dungeon, and saw 3 of its levels.

You collected 81 gold pieces.

Inventory:

Armour
 a - a +0 robe (worn)
 h - a +0 pair of boots
Jewellery
 g - an uncursed ring of protection from fire {unknown}
Scrolls
 c - 2 scrolls of identify
 d - 2 scrolls of blinking
 e - a scroll of recharging
 f - a scroll of random uselessness {unknown}
Books
 b - a book of Necromancy

   Spells                             Type                      Level
   a - Pain                           Necromancy                   1
   b - Animate Skeleton               Necromancy                   1
   c - Vampiric Draining              Necromancy                   3
   d - Regeneration                   Charms/Necromancy            3
   e - Animate Dead                   Necromancy                   4
   f - Control Undead                 Necromancy                   4


   Skills:
 + Level 2.0 Dodging
 + Level 1.8 Stealth
 - Level 0.1 Unarmed Combat
 + Level 2.6 Spellcasting
 + Level 4.7 Necromancy


You had 5 spell levels left.
You knew the following spells:

 Your Spells              Type           Power        Failure   Level  Hunger
a - Pain                  Necr           ###.         3%          1    N/A
b - Animate Skeleton      Necr           N/A          3%          1    N/A

Dungeon Overview and Level Annotations

Branches:
Dungeon (3/15)

Altars:


Innate Abilities, Weirdness & Mutations

You do not eat or drink.
Your flesh is vulnerable to fire.
You are immune to poison.
Your flesh is cold resistant. (rC+)
You are immune to negative energy. (rN+++)
You are immune to unholy pain and torment.
You can survive without breathing.


Message History

Press: ? - help, Shift-Dir - straight line, f - orc wizard
Aim: an orc wizard, wielding a dagger and wearing a robe (fast, chance to defeat MR: 75%)
The orc wizard writhes in agony!
The orc hits your frilled lizard skeleton.
The orc wizard hits you with a dagger.
Your frilled lizard skeleton bites the orc.
Your frilled lizard skeleton bites the orc but does no damage.
The orc wizard hits you with a dagger.
Casting: Pain
Confirm with . or Enter, or press ? or * to list all spells.
There is nothing here that can be animated!
Your frilled lizard skeleton bites the orc.
The orc wizard barely misses you.
The orc wizard points at you and mumbles some strange words.
The puff of frost hits you! You resist.
Your frilled lizard skeleton crumbles into dust!
The orc wizard gestures at you while chanting.
The puff of flame hits you! The fire burns you terribly!
Ouch! That really hurt!
You die...

#..# #........#...(.(#
#..##........#...).). ##
#..#...............#
....#####.................# ###
#...................##.## ....
###.##.###>........####.##
.....###... #.##......##..####.#.
.........####....................
.........o.ooo..@.....#..#####%##
.....###########......#.######.##
... #......#.......... .
..#...$...#.###..## ...........(#
#### .....)....# # ......>...#
... .......


You could see an orc wizard and 3 orcs.

Vanquished Creatures
  2 adders (D:2)
  A worm (D:2)
  2 orcs (D:3)
  4 giant cockroaches
  4 goblins
  6 hobgoblins
  2 jackals (D:1)
  5 kobolds
  2 bats
  2 frilled lizards
  5 rats
35 creatures vanquished.

Vanquished Creatures (collateral kills)
  An adder (D:3)
  A goblin (D:1)
  A rat (D:2)
3 creatures vanquished.

Grand Total: 38 creatures vanquished

Notes
Turn   | Place    | Note
-------+----------+-------------------------------------------
     0 | D:1      | Just00me the Mummy Necromancer began the quest for the Orb.
     0 | D:1      | Reached XP level 1. HP: 13/13 MP: 3/3
     2 | D:1      | Learned a level 1 spell: Animate Skeleton
   379 | D:1      | Reached XP level 2. HP: 17/19 MP: 1/5
  1097 | D:2      | Reached XP level 3. HP: 24/24 MP: 2/6
  1560 | D:3      | Killed from afar by an orc wizard

Skill      XL: |  1  2  3 |
---------------+----------+-----
Dodging        | 2 |  2.0
Stealth        | |  1.8
Unarmed Combat | |  0.1
Spellcasting   | |  2.6
Necromancy     | |  4.7

Action                   || total
-------------------------++-------
Melee: Unarmed           ||    26
 Cast: Pain              ||    58
       Animate Skeleton  ||    18
  Use: Scroll            ||     6
Armor: Robe              ||     8
Dodge: Dodged            ||    29
